[Event "Titled Tuesday Blitz June 20 Late 2023"]
[White "KorolDimitriy75"]
[Black "Ismayil, Malak"]
[BlackFideId "13412604"]
[WhiteElo "2422"]
[BlackElo "1868"]
[Result "1/2-1/2"]
[Round "9"]
[TimeControl "180+2"]
[Date "2023.06.20"]
[WhiteClock "0:00:16"]
[BlackClock "0:00:31"]
[Board "82"]

1. d4 Nf6 2. c4 e6 3. Nc3 Bb4 4. Qc2 O-O 5. e4 d5 6. cxd5 exd5 7. e5 Ne4 8. Bd3 f5 9. Ne2 c5 10. O-O c4 11. Bxe4 fxe4 12. b3 Bxc3 13. Nxc3 Bf5 14. Be3 Nc6 15. bxc4 dxc4 16. Nxe4 Qd5 17. Nc3 Bxc2 18. Nxd5 Rad8 19. Nf4 Nxd4 20. Bxd4 Rxf4 21. Bxa7 Re4 22. Rfe1 Rxe1+ 23. Rxe1 Rd1 24. Rxd1 Bxd1 25. Bd4 Kf7 26. f4 Bc2 27. Kf2 b5 28. a3 Ke6 29. Ke3 g6 30. g3 h5 31. Bc3 Kd5 32. Bb4 Bf5 33. Bc3 Kc5 34. Bb4+ Kd5 35. Bc3 Bg4 36. Bb4 Be6 37. Bc3 Bf5 38. Bb4 Be6 39. Bc3 Bf5 40. Bb4 Be6 1/2-1/2


[Site "https://www.chess.com"]

[Event "Titled Tuesday Blitz June 20 Late 2023"]
[White "Arnold, Ken"]
[Black "Golubev, Mikhail"]
[WhiteFideId "2056836"]
[BlackFideId "14100983"]
[WhiteElo "2404"]
[BlackElo "2374"]
[Result "0-1"]
[Round "9"]
[TimeControl "180+2"]
[Date "2023.06.20"]
[WhiteClock "0:00:00"]
[BlackClock "0:00:11"]
[Board "83"]

1. e4 c5 2. Nf3 d6 3. d4 Nf6 4. dxc5 Nxe4 5. cxd6 Nc6 6. Bd3 Nxd6 7. O-O g6 8. Bd2 Bg7 9. Bc3 O-O 10. Re1 Nf5 11. Bxg7 Kxg7 12. c3 Qc7 13. Qe2 Re8 14. Nbd2 e5 15. Bb5 Bd7 16. Rad1 a6 17. Bxc6 Bxc6 18. Nf1 f6 19. Ne3 Nxe3 20. Qxe3 Rad8 21. h3 h5 22. b3 Rd7 23. Rxd7+ Qxd7 24. c4 Rd8 25. Nh2 Qd3 26. Qb6 Rd7 27. Nf1 Qc3 28. Qe3 Qxe3 29. fxe3 f5 30. Kf2 Be4 31. Re2 Rd1 32. Rd2 Rxd2+ 33. Nxd2 Bd3 34. h4 Kf6 35. g3 g5 36. hxg5+ Kxg5 37. Nf3+ Kf6 38. a3 e4 39. Nd4 b6 40. Ke1 Kg5 41. Kf2 a5 42. Ne6+ Kg4 43. Nf4 a4 44. Nxd3 exd3 45. b4 d2 46. Ke2 Kxg3 47. c5 bxc5 48. b5 f4 49. exf4 h4 50. b6 h3 51. b7 h2 52. b8=Q h1=Q 53. f5+ Kg4 54. Qg8+ Kxf5 55. Qf7+ Ke5 56. Qe7+ Kd4 57. Qf6+ Kc4 58. Kxd2 Qg2+ 59. Kc1 Qg1+ 60. Kc2 Qg2+ 61. Kb1 Qe4+ 0-1


[Site "https://www.chess.com"]

[Event "Titled Tuesday Blitz June 20 Late 2023"]
[White "Muradov, Soltan"]
[Black "Omariev, Maksim"]
[WhiteFideId "14002108"]
[BlackFideId "4193423"]
[WhiteElo "2163"]
[BlackElo "2416"]
[Result "0-1"]
[Round "9"]
[TimeControl "180+2"]
[Date "2023.06.20"]
[WhiteClock "0:00:00"]
[BlackClock "0:00:14"]
[Board "84"]

1. e4 c5 2. b3 d6 3. Bb2 e5 4. Bb5+ Nc6 5. Bxc6+ bxc6 6. f4 exf4 7. Nf3 Ne7 8. O-O Ng6 9. Re1 f6 10. Nc3 Be7 11. d4 cxd4 12. Nxd4 Qc7 13. Kh1 O-O 14. Nf5 Re8 15. Qh5 Be6 16. Rad1 Bf8 17. Rd3 Ne5 18. Nd4 Bg4 19. Qh4 g5 20. Qf2 Nxd3 21. cxd3 Bg7 22. Rc1 Qd7 23. h3 Bxh3 24. gxh3 Qxh3+ 25. Kg1 Qxd3 26. Nf5 d5 27. Rd1 Qh3 28. Nd6 Re6 29. Ba3 Bf8 30. exd5 Re3 31. Ne2 Qg4+ 0-1


[Site "https://www.chess.com"]

[Event "Titled Tuesday Blitz June 20 Late 2023"]
[White "Jovic, Stanoje"]
[Black "Mikhalsky, Vladimir"]
[WhiteFideId "905020"]
[BlackFideId "14144352"]
[WhiteElo "2236"]
[BlackElo "2236"]
[Result "1-0"]
[Round "9"]
[TimeControl "180+2"]
[Date "2023.06.20"]
[WhiteClock "0:00:10"]
[BlackClock "0:00:00"]
[Board "85"]

1. c4 c5 2. g3 Nf6 3. Bg2 d5 4. cxd5 Nxd5 5. Nc3 Nc7 6. Nf3 Nc6 7. O-O e5 8. d3 Be7 9. Nd2 Bd7 10. Nc4 f6 11. f4 exf4 12. gxf4 O-O 13. e4 Nd4 14. Be3 Bc6 15. Rc1 b6 16. Kh1 Qd7 17. Rg1 Kh8 18. Qh5 g6 19. Qh6 Rg8 20. Bh3 Qe8 21. Rce1 Bf8 22. Qh4 Bg7 23. Bxd4 cxd4 24. Ne2 Rd8 25. Qf2 f5 26. Ng3 fxe4 27. dxe4 d3 28. Bg2 Rf8 29. e5 Bxg2+ 30. Qxg2 Rxf4 31. Nd6 Qg8 32. Qc6 Qd5+ 33. Qxd5 Nxd5 34. Rgf1 d2 35. Rd1 Bxe5 36. Rxf4 Rxd6 37. Rf2 Bf4 38. Nf1 g5 39. Nxd2 Ne3 40. Re1 Ng4 41. Rxf4 gxf4 42. Re8+ Kg7 43. Ne4 Rd1+ 44. Kg2 Re1 45. h3 Ne3+ 46. Kf3 Rf1+ 47. Ke2 Rh1 48. Kf3 Rxh3+ 49. Kxf4 Nd5+ 50. Ke5 Rh5+ 51. Kd4 Nf4 52. Re7+ Kg6 53. Rxa7 Rd5+ 54. Ke3 Ne6 55. Ra6 Rb5 56. b3 h5 57. Nd6 Re5+ 58. Kf2 h4 59. Rxb6 h3 60. Nc4 Re4 61. Kg3 Kg5 62. Kxh3 Nd4 63. Rd6 Nf5 64. Rd5 Rh4+ 65. Kg2 Rg4+ 66. Kf2 Rh4 67. Nd6 Rh2+ 68. Ke1 Rxa2 69. Rxf5+ Kg4 70. Rb5 Kf4 71. Nc4 Ke4 72. Nd2+ Kd3 73. Rd5+ Ke3 74. Nc4+ Ke4 75. Rd2 Ra1+ 76. Ke2 Rb1 77. Rb2 Rh1 78. Nd2+ Kd4 79. b4 Kc3 80. Rb3+ Kc2 81. Rf3 Rh2+ 82. Rf2 1-0


[Site "https://www.chess.com"]

[Event "Titled Tuesday Blitz June 20 Late 2023"]
[White "Kujawski, Adam"]
[Black "Shuvalov, Evgenij"]
[WhiteFideId "1100920"]
[BlackFideId "4187237"]
[WhiteElo "2054"]
[BlackElo "2080"]
[Result "1-0"]
[Round "9"]
[TimeControl "180+2"]
[Date "2023.06.20"]
[WhiteClock "0:00:41"]
[BlackClock "0:00:40"]
[Board "86"]

1. e4 c5 2. Nf3 Nc6 3. Nc3 Nf6 4. d4 cxd4 5. Nxd4 e5 6. Ndb5 d6 7. Bg5 a6 8. Na3 b5 9. Bxf6 gxf6 10. Nd5 Bg7 11. c3 O-O 12. Nc2 f5 13. exf5 Bxf5 14. Nce3 Be6 15. Bd3 f5 16. O-O Ra7 17. a4 bxa4 18. Rxa4 a5 19. f4 Qb6 20. Nxb6 Rb7 21. Ned5 e4 22. Ba6 Ra7 23. Bb5 Nd8 24. b4 Nf7 25. Rxa5 Rb7 26. Bc6 Rbb8 27. Ra8 Rxa8 28. Nxa8 Rb8 29. b5 Nd8 30. Nac7 Kf7 31. Nxe6 Nxe6 32. b6 Nc5 33. Qh5+ Ke6 34. Qxh7 Bf8 35. Qg6# 1-0


[Site "https://www.chess.com"]

[Event "Titled Tuesday Blitz June 20 Late 2023"]
[White "Szyszylo, Rafal"]
[Black "Dilmukhametov, Artur"]
[WhiteFideId "1109626"]
[BlackFideId "24179922"]
[WhiteElo "1951"]
[BlackElo "2242"]
[Result "0-1"]
[Round "9"]
[TimeControl "180+2"]
[Date "2023.06.20"]
[WhiteClock "0:00:09"]
[BlackClock "0:00:23"]
[Board "87"]

1. e4 e6 2. d4 d5 3. e5 c5 4. c3 Qb6 5. Nf3 Nc6 6. Bd3 cxd4 7. O-O Bd7 8. Re1 a6 9. Nbd2 Nge7 10. h4 Ng6 11. h5 Nf4 12. Bc2 Nxh5 13. Nxd4 Nxd4 14. cxd4 Nf4 15. Nf3 Ng6 16. Bg5 Be7 17. Bxg6 hxg6 18. Bxe7 Kxe7 19. Qd2 f6 20. Qf4 Rac8 21. Re2 Bb5 22. Re3 Rh5 23. g4 g5 24. exf6+ gxf6 25. Qf5 Rh6 26. Qxd5 Rch8 27. Kg2 Qc6 28. Qb3 Rh2+ 29. Kg1 Rh1+ 30. Kg2 Rxa1 31. d5 Bf1+ 32. Kg3 Rh3# 0-1


[Site "https://www.chess.com"]

[Event "Titled Tuesday Blitz June 20 Late 2023"]
[White "Vila Dupla, Aurelio"]
[Black "Janaszak, Dawid"]
[WhiteFideId "2203383"]
[BlackFideId "1119206"]
[WhiteElo "2009"]
[BlackElo "2220"]
[Result "0-1"]
[Round "9"]
[TimeControl "180+2"]
[Date "2023.06.20"]
[WhiteClock "0:01:41"]
[BlackClock "0:02:07"]
[Board "89"]

1. Nf3 Nc6 2. d4 d6 3. g3 g6 4. Bg2 Bg7 5. O-O Nf6 6. c4 O-O 7. Nc3 e5 8. dxe5 dxe5 9. Bg5 h6 10. Qxd8 Rxd8 11. Bxf6 Bxf6 12. Nd5 Kg7 13. Nxc7 Rb8 14. Nd5 e4 15. Nd2 e3 16. fxe3 Bxb2 17. Rab1 Ba3 18. Nb3 Bd6 19. Rfd1 Bf5 20. e4 Bg4 21. Bf3 Be6 22. c5 Be5 23. Nf4 Bxb3 24. Rxb3 Rxd1+ 0-1


[Site "https://www.chess.com"]

[Event "Titled Tuesday Blitz June 20 Late 2023"]
[White "Perez, Maximiliano"]
[Black "Bueno, Alfeu Junior Varela"]
[WhiteFideId "117234"]
[BlackFideId "2108879"]
[WhiteElo "2334"]
[BlackElo "2175"]
[Result "0-1"]
[Round "9"]
[TimeControl "180+2"]
[Date "2023.06.20"]
[WhiteClock "0:00:11"]
[BlackClock "0:00:04"]
[Board "90"]

1. e4 e6 2. d3 d5 3. Nd2 Nf6 4. Ngf3 dxe4 5. dxe4 Bc5 6. Bb5+ c6 7. Bd3 e5 8. O-O Qe7 9. a3 a5 10. b3 O-O 11. Bb2 Nbd7 12. Nc4 Bd6 13. Nxd6 Qxd6 14. a4 Re8 15. Qe2 Nf8 16. Rfd1 Bg4 17. h3 Bh5 18. Qe3 Qc7 19. Be2 Rad8 20. Rxd8 Rxd8 21. Bxe5 Qe7 22. Bxf6 Qxf6 23. e5 Qe7 24. Rd1 Re8 25. Qb6 Ne6 26. g3 Ng5 27. Nxg5 Bxe2 28. Re1 Qxe5 29. Qe3 Qxe3 30. fxe3 Bh5 31. g4 Bg6 32. c3 Bc2 33. b4 axb4 34. cxb4 Bxa4 35. Kf2 h5 36. gxh5 Re5 37. h4 f6 38. Nh3 Rxh5 39. Kg3 Rb5 40. Nf4 Rxb4 41. h5 Bb3 42. Kf3 c5 43. Rg1 c4 44. h6 g5 45. Ne6 Bc2 46. Rh1 c3 47. Nd4 Bg6 48. Ke2 c2 49. Kd2 Rb1 50. Rc1 Rxc1 51. Kxc1 Kh7 52. Nb5 Kxh6 53. Nd6 b6 54. Nb7 Be4 55. Nd6 Bd5 56. Kd2 Bb3 57. e4 Ba4 58. Nf5+ Kg6 59. Ne3 b5 60. Nd5 g4 61. Nc3 Kg5 62. Ne2 Kh4 63. Ke3 g3 64. Kf3 Kh3 65. e5 fxe5 66. Ke4 g2 67. Kxe5 Kh2 68. Nd4 g1=Q 69. Nf3+ Kg2 70. Nh4+ Kh3 71. Nf5 Qg4 72. Kf6 Qxf5+ 73. Ke7 c1=Q 74. Kd6 Qc4 75. Ke7 Qce6+ 76. Kd8 Qf8+ 77. Kc7 Qfc8# 0-1


[Site "https://www.chess.com"]

[Event "Titled Tuesday Blitz June 20 Late 2023"]
[White "Rios Escobar, Adan"]
[Black "Rian, Kapriaga"]
[WhiteFideId "3403645"]
[BlackFideId "7103263"]
[WhiteElo "2458"]
[BlackElo "2340"]
[Result "1-0"]
[Round "9"]
[TimeControl "180+2"]
[Date "2023.06.20"]
[WhiteClock "0:00:40"]
[BlackClock "0:00:22"]
[Board "91"]

1. d4 Nf6 2. g3 d5 3. Nf3 Bf5 4. c4 e6 5. Nc3 Be7 6. Nh4 Bg4 7. h3 Bh5 8. g4 Bg6 9. Nxg6 hxg6 10. Bg2 c6 11. Qb3 Qb6 12. c5 Qxb3 13. axb3 Nbd7 14. b4 e5 15. e3 exd4 16. exd4 O-O 17. O-O a6 18. Re1 Rfe8 19. g5 Nh7 20. h4 f6 21. b5 Kf7 22. bxc6 bxc6 23. Nxd5 cxd5 24. Bxd5+ Kf8 25. Bxa8 Rxa8 26. b4 fxg5 27. b5 gxh4 28. Rxa6 Rb8 29. b6 Nhf6 30. Bf4 Rd8 31. c6 Nd5 32. Bc7 N7xb6 33. Bxb6 Nxb6 34. Rxb6 Rxd4 35. Rb8+ Kf7 36. Rb7 1-0


[Site "https://www.chess.com"]

[Event "Titled Tuesday Blitz June 20 Late 2023"]
[White "Castella Garcia, Fausto"]
[Black "Barria Santos, Jose Guilherme"]
[WhiteFideId "3501922"]
[BlackFideId "1939300"]
[WhiteElo "2245"]
[BlackElo "2266"]
[Result "1-0"]
[Round "9"]
[TimeControl "180+2"]
[Date "2023.06.20"]
[WhiteClock "0:00:03"]
[BlackClock "0:00:00"]
[Board "92"]

1. e4 e6 2. Nf3 d5 3. e5 c5 4. b4 cxb4 5. d4 Nc6 6. a3 bxa3 7. c3 Bd7 8. Bd3 Nge7 9. h4 Nc8 10. h5 Nb6 11. h6 g6 12. Bg5 Be7 13. Bxe7 Qxe7 14. Nxa3 a6 15. Nc2 O-O 16. Ne3 f6 17. exf6 Rxf6 18. Ng4 Rf4 19. Nge5 Nxe5 20. Nxe5 Raf8 21. f3 Rh4 22. O-O Rxh6 23. Qe1 Bb5 24. Bxb5 axb5 25. Rb1 Nc4 26. Rxb5 Nd6 27. Rb6 Nf5 28. Ng4 Rh4 29. Rxe6 Qg5 30. Qe5 Qd8 31. Nf6+ Kf7 32. Nxd5 Qb8 33. Re7+ Kg8 34. Qf6 Rxf6 35. Nxf6+ Kh8 36. Re8+ Qxe8 37. Nxe8 b5 38. g4 Ne7 39. Rb1 Nd5 40. Rxb5 Nxc3 41. Rb7 Ne2+ 42. Kg2 Nxd4 43. Nf6 Ne6 44. Kg3 Rh1 45. f4 g5 46. f5 Nf4 47. Ne4 h6 48. f6 Ng6 49. Nd6 Ne5 50. Nf5 h5 51. gxh5 Rxh5 52. Re7 Ng6 53. Rg7 Ne5 54. f7 Nxf7 55. Rxf7 Rh1 56. Kg4 Rg1+ 57. Kh5 Ra1 58. Nh6 Ra6 59. Rd7 Rb6 60. Ng4 Ra6 61. Ne5 Kg8 62. Ng6 g4 63. Kh6 1-0


[Site "https://www.chess.com"]

[Event "Titled Tuesday Blitz June 20 Late 2023"]
[White "Prieto Aranguren, Alain"]
[Black "Nunez V, Gustavo Eduardo"]
[WhiteFideId "2268906"]
[BlackFideId "4403690"]
[WhiteElo "2209"]
[BlackElo "2168"]
[Result "1/2-1/2"]
[Round "9"]
[TimeControl "180+2"]
[Date "2023.06.20"]
[WhiteClock "0:00:11"]
[BlackClock "0:00:13"]
[Board "93"]

1. e4 c5 2. Nf3 Nc6 3. Bb5 g6 4. O-O Bg7 5. Bxc6 dxc6 6. d3 e5 7. Be3 b6 8. Nfd2 g5 9. a3 a5 10. Nc4 Be6 11. Nbd2 b5 12. Bxc5 bxc4 13. dxc4 Ne7 14. Qe2 O-O 15. Rad1 Re8 16. Nf3 Qc8 17. Nxg5 Ng6 18. Qh5 h6 19. Nxe6 Rxe6 20. Be3 Qa6 21. b3 a4 22. Bxh6 axb3 23. cxb3 Qxa3 24. Rd3 Qe7 25. Rh3 Bxh6 26. Qxh6 Qf6 27. Rf3 Qg7 28. Qd2 Nf4 29. Rg3 Rg6 30. Kh1 Rf8 31. Qd7 f5 32. exf5 Qxd7 33. fxg6 Kh8 34. g7+ Qxg7 35. Rxg7 Kxg7 36. Rd1 Rb8 37. g3 Kf6 38. gxf4 Rxb3 39. fxe5+ Kxe5 40. Kg2 Rc3 41. Re1+ Kd4 42. h4 Rxc4 43. h5 Kd5 44. h6 Rg4+ 45. Kh3 Rg6 46. Rd1+ Kc5 47. Rc1+ Kb6 48. f4 Rxh6+ 49. Kg4 Rg6+ 50. Kf5 Rg2 51. Ke6 c5 52. f5 Re2+ 53. Kd7 Rf2 54. Ke6 Re2+ 55. Kd6 Rd2+ 56. Ke5 Kb5 57. f6 c4 58. Ke6 Re2+ 59. Kd7 Rf2 60. Ke7 Kb4 61. f7 c3 62. f8=Q Rxf8 63. Kxf8 Kb3 64. Ke7 c2 65. Kd6 Kb2 66. Rg1 c1=Q 67. Rxc1 Kxc1 1/2-1/2


[Site "https://www.chess.com"]

[Event "Titled Tuesday Blitz June 20 Late 2023"]
[White "Gerbelli Neto, Eduardo"]
[Black "Yurasova, Daria"]
[WhiteFideId "2103281"]
[BlackFideId "34146919"]
[WhiteElo "2178"]
[BlackElo "2109"]
[Result "1-0"]
[Round "9"]
[TimeControl "180+2"]
[Date "2023.06.20"]
[WhiteClock "0:00:17"]
[BlackClock "0:00:04"]
[Board "94"]

1. e4 e5 2. Nf3 Nc6 3. d4 exd4 4. Bc4 Nf6 5. O-O Nxe4 6. Re1 d5 7. Bxd5 Qxd5 8. Nc3 Qh5 9. Nxe4 Be7 10. Bg5 O-O 11. Bxe7 Nxe7 12. Qxd4 Nc6 13. Qc5 Qxc5 14. Nxc5 b6 15. Nd3 Bf5 16. Rad1 Rad8 17. Nfe5 Nxe5 18. Nxe5 Bxc2 19. Rc1 Rfe8 20. Kf1 Ba4 21. Rxc7 f6 22. Nc4 Bb5 23. b3 a5 24. Rxe8+ Rxe8 25. Rb7 Re6 26. f3 Rc6 27. Kf2 Bxc4 28. bxc4 Rxc4 29. Rxb6 Rc2+ 30. Kg3 Rxa2 31. Rb7 h5 32. Ra7 Kh7 33. h3 Kg6 34. Ra6 a4 35. Kh2 a3 36. Kg3 Kf5 37. Ra5+ Kg6 38. Ra4 Ra1 39. Ra5 Kh6 40. Ra6 Kh7 41. Ra7 Kg6 42. Ra5 Kf7 43. Rxh5 Ke6 44. Ra5 Kd6 45. Kf4 Kc6 46. g4 Kb6 47. Ra4 Kb5 48. Ra7 Kb4 49. Rxg7 Kb3 50. h4 Ka2 51. h5 Rh1 52. Ra7 Kb2 53. Kf5 Rf1 54. f4 a2 55. h6 a1=Q 56. Rxa1 Kxa1 57. h7 Rh1 58. Kg6 Kb2 59. Kg7 Kc3 60. h8=Q Rxh8 61. Kxh8 Kc4 62. g5 1-0


[Site "https://www.chess.com"]

[Event "Titled Tuesday Blitz June 20 Late 2023"]
[White "Shapiro, Daniel"]
[Black "Kaplan, Avi Harrison"]
[WhiteFideId "2001780"]
[BlackFideId "30934559"]
[WhiteElo "2317"]
[BlackElo "1983"]
[Result "1-0"]
[Round "9"]
[TimeControl "180+2"]
[Date "2023.06.20"]
[WhiteClock "0:00:11"]
[BlackClock "0:00:04"]
[Board "95"]

1. d4 b6 2. e4 Bb7 3. Nd2 e6 4. Ngf3 c5 5. c3 Nf6 6. Bd3 d5 7. e5 Ne4 8. Qe2 Nxd2 9. Bxd2 Nc6 10. a3 Be7 11. h4 h6 12. h5 Kf8 13. g4 Na5 14. Rd1 Nc4 15. Bc1 Rc8 16. Ng1 cxd4 17. cxd4 Bg5 18. f4 Bh4+ 19. Kf1 Be7 20. Kg2 b5 21. Nf3 Qb6 22. f5 Ke8 23. Rhf1 Kd7 24. f6 gxf6 25. exf6 Bd6 26. b3 Na5 27. Bxb5+ Bc6 28. Bxc6+ Qxc6 29. g5 Nxb3 30. g6 Rhg8 31. g7 Qc2 32. Qxc2 Rxc2+ 33. Kh3 Rc3 34. Bxh6 Kc6 35. Bg5 e5 36. h6 e4 37. h7 exf3 38. hxg8=Q f2+ 39. Kg4 Rg3+ 40. Kh4 Na5 41. Qxf7 Nc4 42. g8=Q Rg2 43. Qa8+ Kb6 44. Qfb7+ Ka5 45. Qaxa7# 1-0


[Site "https://www.chess.com"]

[Event "Titled Tuesday Blitz June 20 Late 2023"]
[White "Ai, Evan"]
[Black "Romero Ruscalleda, Josep"]
[WhiteFideId "2094770"]
[BlackFideId "2231859"]
[WhiteElo "1963"]
[BlackElo "2183"]
[Result "1-0"]
[Round "9"]
[TimeControl "180+2"]
[Date "2023.06.20"]
[WhiteClock "0:02:05"]
[BlackClock "0:00:42"]
[Board "96"]

1. d4 g6 2. e4 Bg7 3. Nc3 d6 4. Be3 a6 5. Qd2 b5 6. f3 Nd7 7. a4 b4 8. Nd5 a5 9. h4 c6 10. Nf4 e5 11. dxe5 dxe5 12. Nd3 h6 13. O-O-O Qe7 14. b3 Ba6 15. Nb2 Bxf1 16. Rxf1 Ngf6 17. Nc4 O-O 18. g4 Rfd8 19. Qf2 Qe6 20. Rd1 Bf8 21. g5 hxg5 22. hxg5 Nh5 23. Ne2 Be7 24. Ng3 Nxg3 25. Qxg3 Kg7 26. Rh6 Rh8 27. Rdh1 Bc5 28. Bxc5 Nxc5 29. Qh4 Qe8 30. Rh7+ Rxh7 31. Qxh7+ Kf8 32. Qh8+ Ke7 33. Qxe5+ Ne6 34. Qd6# 1-0


[Site "https://www.chess.com"]

[Event "Titled Tuesday Blitz June 20 Late 2023"]
[White "Gabdushev, Ruslan"]
[Black "Francisco_Ferrari"]
[WhiteFideId "4137833"]
[WhiteElo "2233"]
[BlackElo "2265"]
[Result "0-1"]
[Round "9"]
[TimeControl "180+2"]
[Date "2023.06.20"]
[WhiteClock "0:00:00"]
[BlackClock "0:00:10"]
[Board "97"]

1. c4 e6 2. g3 Nf6 3. Bg2 d5 4. Nf3 Be7 5. O-O O-O 6. a3 dxc4 7. Qc2 a6 8. Qxc4 b5 9. Qc2 Bb7 10. d3 c5 11. Be3 Nbd7 12. Rc1 Rc8 13. a4 Nd5 14. Bd2 c4 15. axb5 axb5 16. dxc4 Rxc4 17. Qb3 Rxc1+ 18. Bxc1 Qb6 19. Nc3 Nxc3 20. bxc3 Bc5 21. e3 Bd5 22. Qb2 Nf6 23. Bd2 Ne4 24. Be1 h6 25. Nd4 Rb8 26. Rb1 Nd6 27. Bxd5 exd5 28. Nb3 Nc4 29. Qe2 Ra8 30. Qd3 Qc6 31. Rd1 Rd8 32. Qf5 Bxe3 33. fxe3 Nxe3 34. Qf3 Nxd1 35. Qxd1 Qc4 36. Nd4 Re8 37. Kf2 Re4 38. Qd2 b4 39. Nf3 bxc3 40. Qxc3 Re2+ 41. Kg1 Qxc3 42. Bxc3 Re3 43. Kf2 Rxc3 44. Ne5 Kf8 45. h4 Ke7 46. Ng4 Ke6 47. Ne3 Ke5 48. Ng4+ Ke4 49. Kg2 Rc2+ 50. Kh3 Kf3 51. Ne5+ Ke4 0-1


[Site "https://www.chess.com"]

[Event "Titled Tuesday Blitz June 20 Late 2023"]
[White "Vifleemskaia, Svetlana"]
[Black "Ladan, Nicholas"]
[WhiteFideId "4129490"]
[BlackFideId "30918855"]
[WhiteElo "1930"]
[BlackElo "2167"]
[Result "0-1"]
[Round "9"]
[TimeControl "180+2"]
[Date "2023.06.20"]
[WhiteClock "0:00:00"]
[BlackClock "0:00:37"]
[Board "98"]

1. d4 b6 2. c4 Bb7 3. Nc3 e5 4. d5 Bb4 5. Bd2 d6 6. a3 Bxc3 7. Bxc3 f5 8. e4 fxe4 9. Qg4 Nf6 10. Qxg7 Rg8 11. Qh6 Rg6 12. Qh3 Nbd7 13. Qe6+ Qe7 14. Qxe7+ Kxe7 15. Ne2 Nc5 16. Ng3 Bc8 17. b4 Na4 18. Bd2 h5 19. O-O-O h4 20. Ne2 Bg4 21. Re1 b5 22. Nc3 Nxc3 23. Bxc3 Bf5 24. f3 bxc4 25. Bxc4 Rxg2 26. fxe4 Bxe4 27. Rhg1 Rc2+ 28. Kd1 Rxc3 29. Bb5 Kf7 30. Ref1 Rf3 31. Rxf3 Bxf3+ 32. Kd2 Rg8 0-1


[Site "https://www.chess.com"]

[Event "Titled Tuesday Blitz June 20 Late 2023"]
[White "Bogaudinov, Rushan"]
[Black "Rodriguez Santiago, Jaime"]
[WhiteFideId "4129288"]
[BlackFideId "3100898"]
[WhiteElo "1967"]
[BlackElo "2025"]
[Result "1-0"]
[Round "9"]
[TimeControl "180+2"]
[Date "2023.06.20"]
[WhiteClock "0:00:23"]
[BlackClock "0:00:05"]
[Board "99"]

1. g3 Nf6 2. Bg2 d5 3. d4 e6 4. Nf3 c5 5. O-O Nc6 6. a3 Be7 7. dxc5 Bxc5 8. b4 Be7 9. Bb2 O-O 10. Nbd2 a6 11. c4 dxc4 12. Nxc4 b5 13. Qxd8 Rxd8 14. Nfe5 Nxe5 15. Nxe5 Nd5 16. Nc6 Rd7 17. e4 Nb6 18. Rfd1 Bf8 19. e5 Nd5 20. Rac1 Bb7 21. Na5 h6 22. h4 Rad8 23. Nxb7 Rxb7 24. Rc6 Ra7 25. Bd4 Raa8 26. Rdc1 a5 27. Bc5 axb4 28. axb4 Nxb4 29. Bxb4 Bxb4 30. Rb1 Ra4 31. Bf1 Rd5 32. Rc8+ Kh7 33. Rc7 Kg6 34. Rb7 Rxe5 35. Bxb5 Ra5 36. Rxb4 Ra1+ 37. Kg2 Ree1 38. Bd3+ f5 39. Rg4+ Kf6 40. Rgxg7 Rg1+ 41. Kf3 Ra3 42. Ke2 Rga1 43. Rb2 Rc1 44. Rgb7 Rcc3 45. Rd2 Rc1 46. h5 Raa1 47. Rb6 Re1+ 48. Kf3 Kg5 49. Re2 e5 50. Rxe1 Rxe1 51. Be2 e4+ 52. Ke3 Ra1 53. Rg6# 1-0


[Site "https://www.chess.com"]

[Event "Titled Tuesday Blitz June 20 Late 2023"]
[White "Fernandez, Maria Florencia"]
[Black "Kostiukov, Alexandr"]
[WhiteFideId "116459"]
[BlackFideId "14108100"]
[WhiteElo "2074"]
[BlackElo "2202"]
[Result "0-1"]
[Round "9"]
[TimeControl "180+2"]
[Date "2023.06.20"]
[WhiteClock "0:00:00"]
[BlackClock "0:00:15"]
[Board "100"]

1. d4 g6 2. c4 Bg7 3. Nc3 d6 4. e4 e5 5. d5 f5 6. exf5 gxf5 7. Qh5+ Kf8 8. Bd2 Nf6 9. Qe2 Na6 10. O-O-O Nc5 11. f3 a5 12. Be3 b6 13. Qd2 h5 14. Bg5 Qe8 15. Nh3 Bd7 16. Be2 Qg6 17. Rhg1 f4 18. Bh4 a4 19. Nf2 Bf5 20. Nd3 Kf7 21. Nxc5 bxc5 22. Bd3 a3 23. b3 Rae8 24. Rde1 Bxd3 25. g3 Bh6 26. g4 hxg4 27. Bxf6 Kxf6 28. Rxg4 Qh7 29. Reg1 Bf5 30. Rh4 Reg8 31. Rxg8 Rxg8 32. Qf2 Qg6 33. Ne2 Bg5 34. Kd2 Bxh4 35. Qxh4+ Qg5 36. Qe1 e4 37. fxe4 f3+ 38. Kd3 fxe2 39. exf5 Qxf5+ 40. Kd2 Qf4+ 41. Kd3 Qd4+ 42. Kc2 Qe4+ 43. Kc3 Qe3+ 44. Kc2 Rg1 45. Qh4+ Ke5 46. Qe7+ Kf4 47. Qf6+ Kg4 48. Qg6+ Kf3 49. Qh5+ Kg2 50. Qg4+ Kh1 51. Qh4 e1=Q 0-1


[Site "https://www.chess.com"]

[Event "Titled Tuesday Blitz June 20 Late 2023"]
[White "Melikhov, Evgeny V."]
[Black "Quirke, Jeffrey"]
[WhiteFideId "4122046"]
[BlackFideId "2013029"]
[WhiteElo "2158"]
[BlackElo "2224"]
[Result "1/2-1/2"]
[Round "9"]
[TimeControl "180+2"]
[Date "2023.06.20"]
[WhiteClock "0:00:06"]
[BlackClock "0:00:04"]
[Board "101"]

1. d4 e6 2. c4 b6 3. Nc3 Bb7 4. e4 Bb4 5. e5 Ne7 6. Nf3 O-O 7. Bd3 f6 8. exf6 Rxf6 9. Bg5 Rf8 10. a3 Bxc3+ 11. bxc3 Qe8 12. Qe2 Ng6 13. Be4 Bxe4 14. Qxe4 Nc6 15. O-O Qf7 16. d5 exd5 17. cxd5 Rae8 18. Qd3 Nce5 19. Nxe5 Nxe5 20. Qb5 Qg6 21. Be3 d6 22. Kh1 Qh5 23. Bd4 Ng4 24. h3 Re7 25. Qd3 Ne5 26. Bxe5 Qxe5 27. Rad1 Rf4 28. Kg1 g6 29. c4 a5 30. Rde1 Qxe1 31. Rxe1 Rxe1+ 32. Kh2 Re5 33. Kg3 Ref5 34. f3 h5 35. Qe3 Kg7 36. Qe7+ Rf7 37. Qe6 R4f6 38. Qe8 Rf8 39. Qe7+ R8f7 40. Qe8 Rf8 41. Qe4 R8f7 42. Qd4 Re7 43. a4 Kf7 44. h4 Rf5 45. Kh3 Rfe5 46. Qf4+ Kg7 47. g4 hxg4+ 48. Qxg4 Rf5 49. Kg3 Ref7 50. f4 Rxf4 51. Qxf4 Rxf4 52. Kxf4 Kf6 53. Kg4 Kf7 54. Kg5 Kg7 55. Kg4 Kh6 56. Kh3 Kh5 57. Kg3 g5 58. hxg5 Kxg5 59. Kf3 Kf5 60. Ke3 Ke5 61. Kd3 Kf4 62. Kd4 Kf3 63. Kd3 Kf4 64. Kd4 Kf3 65. Kd3 Kf2 66. Kd2 Kf3 67. Kd3 1/2-1/2


[Site "https://www.chess.com"]

[Event "Titled Tuesday Blitz June 20 Late 2023"]
[White "Gardezi, Arsal"]
[Black "Sadilek, Peter"]
[WhiteFideId "30949521"]
[BlackFideId "1616439"]
[WhiteElo "1906"]
[BlackElo "2227"]
[Result "1-0"]
[Round "9"]
[TimeControl "180+2"]
[Date "2023.06.20"]
[WhiteClock "0:00:19"]
[BlackClock "0:00:00"]
[Board "102"]

1. d4 Nf6 2. c4 e6 3. Nc3 Bb4 4. Qc2 b6 5. Nf3 Bb7 6. e3 Bxc3+ 7. bxc3 Be4 8. Bd3 Bxd3 9. Qxd3 O-O 10. O-O d5 11. cxd5 Qxd5 12. c4 Qe4 13. Qe2 Nc6 14. Ba3 Rfd8 15. Rfd1 h6 16. Rac1 Rd7 17. c5 Rad8 18. cxb6 cxb6 19. Qb5 Na5 20. Ne5 Rd5 21. Qa4 Rxe5 22. dxe5 Qxa4 23. Rxd8+ Kh7 24. exf6 Qxa3 25. Rcc8 gxf6 26. h4 Kg6 27. Rg8+ Kf5 28. Rh8 Qxa2 29. Rxh6 Nc4 30. Rhh8 Ne5 31. f3 Qa1+ 32. Kh2 Nxf3+ 33. gxf3 Qb2+ 34. Kg3 Qe5+ 35. Kf2 Qh2+ 36. Ke1 e5 37. h5 a5 38. h6 a4 39. h7 a3 40. e4+ Kf4 41. Rc6 Ke3 42. Rc3+ Kd4 43. Rxa3 b5 44. Rd8+ Kc4 45. h8=Q Qg1+ 46. Ke2 Qg2+ 47. Ke3 Qg1+ 48. Kd2 1-0


[Site "https://www.chess.com"]

[Event "Titled Tuesday Blitz June 20 Late 2023"]
[White "Tobares, Leandro"]
[Black "Slavin, Alexey"]
[WhiteFideId "106402"]
[BlackFideId "24104388"]
[WhiteElo "2292"]
[BlackElo "2264"]
[Result "0-1"]
[Round "9"]
[TimeControl "180+2"]
[Date "2023.06.20"]
[WhiteClock "0:00:14"]
[BlackClock "0:00:09"]
[Board "103"]

1. d4 Nc6 2. c4 e5 3. d5 Nce7 4. Nc3 Ng6 5. g3 Bc5 6. Bg2 d6 7. Nf3 a6 8. O-O h6 9. e4 Nf6 10. Ne1 O-O 11. Nd3 Ba7 12. h3 Bd7 13. Kh2 Nh7 14. Qe2 Qe7 15. b4 Rae8 16. Be3 Bxe3 17. Qxe3 f5 18. exf5 Bxf5 19. Be4 Qd7 20. c5 Nf6 21. c6 bxc6 22. dxc6 Qc8 23. Bxf5 Qxf5 24. Rac1 Ne7 25. b5 axb5 26. Nxb5 Ned5 27. Qe2 e4 28. Nb2 e3 29. f3 Qc8 30. Qc4 Kh8 31. Nd3 e2 32. Rfe1 Qf5 33. f4 Qh5 34. Nf2 Qf3 35. Qd4 Re3 36. Nh1 Rfe8 37. Nxc7 Nxc7 38. Qxd6 Ne4 39. Qxc7 Nxg3 40. f5 Nxh1 41. Rxh1 Qf2# 0-1


[Site "https://www.chess.com"]